 Dungeon Crawl Stone Soup version 0.26-a0-18-g135ff06667 (webtiles) character file.

Game seed: 14502975364684267917, levelgen mode: deterministic

39944 Chiseanne the Covert (level 14, -1/109 HPs)
             Began as a Gnoll Assassin on May 25, 2020.
             Was a High Priest of Dithmenos.
             Succumbed to poison (poison gas)
             ... on level 1 of the Swamp.
             The game lasted 01:22:14 (16311 turns).

Chiseanne the Covert (Gnoll Assassin)              Turns: 16311, Time: 01:22:15

Health: -1/109     AC: 23    Str: 15    XL:     14   Next: 8%
Magic:  26/26      EV: 16    Int: 13    God:    Dithmenos [*****.]
Gold:   1116       SH:  7    Dex: 21    Spells: 22/30 levels left

rFire    . . .     SeeInvis .   s - +1 scimitar (flame)
rCold    . . .     Gourm    .   v - +0 buckler
rNeg     . . .     Faith    .   h - +4 scale mail {MR+}
rPois    .         Spirit   .   N - +1 helmet
rElec    .         Reflect  .   e - +1 cloak
rCorr    .         Harm     .   E - +2 pair of gloves
MR       ++...                  P - +2 pair of boots
Stlth    ++++++....             B - amulet of the acrobat
HPRegen  0.28/turn              S - +4 ring of slaying
MPRegen  0.20/turn              O - +4 ring of slaying

@: lethally poisoned (-1 -> -78), very slightly contaminated, wreathed by umbra,
studying Short Blades
A: distributed training, fangs 1, strong nose
a: Shadow Step, Shadow Form, Renounce Religion


You were on level 1 of the Swamp.
You worshipped Dithmenos.
Dithmenos was extremely pleased with you.
You were not hungry.

You visited 4 branches of the dungeon, and saw 18 of its levels.

You collected 1219 gold pieces.
You spent 103 gold pieces at shops.

Inventory:

Hand Weapons
 a - a +2 dagger of venom
 s - a +1 scimitar of flaming (weapon)
 w - a +0 hunting sling of venom
 W - the +1 scimitar of Quantum Leap {drain, rN+}
   (You found it on level 10 of the Dungeon)

   A truly terrible weapon, it drains the life of those it strikes.
   It protects you from negative energy.
 Y - a +3 hand axe of flaming
Missiles
 b - 3 javelins (quivered)
 m - 66 sling bullets
 p - 37 poisoned darts
 t - 8 silver javelins
 C - 80 bolts
 K - a throwing net
Armour
 e - a +1 cloak (worn)
 h - a +4 scale mail of magic resistance (worn)
 l - the +2 chain mail "Xobunwic" {rElec}
   (You found it on level 6 of the Lair of Beasts)

   It insulates you from electricity.
 v - a +0 buckler (worn)
 D - a +0 troll leather armour
 E - a +2 pair of gloves (worn)
 N - a +1 helmet (worn)
 P - a +2 pair of boots (worn)
Magical Staves
 d - an uncursed staff of wizardry
Jewellery
 j - an uncursed ring of poison resistance
 o - an uncursed ring of flight
 B - an amulet of the acrobat (around neck)
 I - an uncursed ring of stealth
 O - a +4 ring of slaying (right hand)
 S - a +4 ring of slaying (left hand)
Wands
 c - a wand of digging (3)
 z - a wand of flame (27)
 J - a wand of random effects (16)
 M - a wand of disintegration (16)
Scrolls
 n - 7 scrolls of remove curse
 u - 6 scrolls of teleportation
 x - 2 scrolls of amnesia
 y - a scroll of fear
 R - a scroll of summoning
 T - a scroll of holy word
 V - a scroll of immolation
Potions
 i - 2 potions of haste
 k - 3 potions of curing
 q - 2 potions of stabbing
 r - 2 potions of flight
 A - a potion of mutation
 G - 3 potions of heal wounds
 H - a potion of ambrosia
 L - 2 potions of resistance
Books
 X - a manual of Short Blades
Miscellaneous
 F - a phial of floods
Comestibles
 f - 35 rations
 Q - 5 chunks of flesh


   Skills:
 + Level 9.9 Fighting
 + Level 10.0 Short Blades
 + Level 8.7 Long Blades
 + Level 8.7 Axes
 + Level 8.7 Maces & Flails
 + Level 8.7 Polearms
 + Level 8.7 Staves
 + Level 8.7 Slings
 + Level 8.7 Bows
 + Level 8.7 Crossbows
 + Level 9.9 Throwing
 + Level 8.7 Armour
 + Level 9.1 Dodging
 + Level 11.5 Stealth
 + Level 8.7 Shields
 + Level 8.7 Unarmed Combat
 + Level 8.7 Spellcasting
 + Level 7.3 Conjurations
 + Level 7.3 Hexes
 + Level 7.3 Charms
 + Level 7.3 Summonings
 + Level 7.3 Necromancy
 + Level 7.3 Translocations
 + Level 7.3 Transmutations
 + Level 7.3 Fire Magic
 + Level 7.3 Ice Magic
 + Level 7.3 Air Magic
 + Level 7.3 Earth Magic
 + Level 7.3 Poison Magic
 + Level 9.5 Invocations
 + Level 8.7 Evocations


You had 22 spell levels left.
You knew the following spells:

 Your Spells              Type           Power        Failure   Level  Hunger
a - Passwall              Tmut/Erth      ###.....     3%          2    None
b - Frozen Ramparts       Ice            ###...       6%          3    ##.....
c - Stone Arrow           Conj/Erth      ###...       6%          3    ##.....

Your spell library contained the following spells:

 Spells                   Type           Power        Failure   Level  Hunger
 Animate Skeleton         Necr           N/A          1%          1    None
 Beastly Appendage        Tmut           ###...       1%          1    None
 Freeze                   Ice            ###.         1%          1    None
 Sandblast                Erth           ###...       1%          1    None
 Sting                    Tmut/Pois      ###.         1%          1    None
 Corpse Rot               Necr/Air       N/A          3%          2    None
 Ozocubu's Armour         Chrm/Ice       ###.....     6%          3    ##.....
 Spider Form              Tmut/Pois      ###.......   6%          3    ##.....
 Hailstorm                Conj/Ice       ###.....     21%         4    ####...
 Petrify                  Tmut/Erth      ###.....     21%         4    ####...
 Summon Ice Beast         Ice/Summ       ###.....     21%         4    ####...
 Bolt of Magma            Conj/Fire/Erth ###.......   50%         5    #####..
 Excruciating Wounds      Chrm/Necr      ###.......   50%         5    #####..
 Iskenderun's Battlesphe  Conj/Chrm      ###.....     50%         5    #####..
 Lee's Rapid Deconstruct  Erth           ###.......   50%         5    #####..
 Iron Shot                Conj/Erth      ###.......   97%         6    #######
 Dragon Form              Tmut           ###.......   100%        7    #######
 Orb of Destruction       Conj           ###.......   100%        7    #######
 Spellforged Servitor     Conj/Summ      ###.......   100%        7    #######


Dungeon Overview and Level Annotations

Branches:
Dungeon (10/15)            Temple (1/1) D:6            Lair (6/6) D:10
  Swamp (1/4) Lair:3       Spider (0/4) Lair:4        Slime (0/5) Lair:5
    Orc: D:9-12

Altars:
Ashenzari
Dithmenos
Elyvilon
Fedhas
Gozag
Hepliaklqana
Kikubaaqudgha
Makhleb
Nemelex Xobeh
Okawaru
Qazlal
Ru
Sif Muna
Trog
Uskayaw
Vehumet
Wu Jian
Xom
Yredelemnul
Zin
The Shining One
Jiyva

Shops:
D:5 (

Annotations:
D:4 Prince Ribbit
Lair:2 exclusion: oklob plant


Innate Abilities, Weirdness & Mutations

Your experience applies equally to all skills.
You have very sharp teeth.
Your uncanny sense of smell can sniff out nearby items.


Message History

The five-headed hydra closely misses you.
The five-headed hydra bites you.
* * * LOW HITPOINT WARNING * * *
The five-headed hydra misses you.
You feel much better.
You are engulfed in poison gas.
You are more poisoned.
* * * LOW HITPOINT WARNING * * *
x2 You feel extremely sick.
The five-headed hydra bites you but does no damage.
The five-headed hydra bites you!
* * * LOW HITPOINT WARNING * * *
The five-headed hydra misses you.
The five-headed hydra bites you but does no damage.
The five-headed hydra bites you.
* * * LOW HITPOINT WARNING * * *
Blink to where?
Press: ? - help, Dir - move target cursor You are very lightly contaminated with residual magic.
As you read the scroll of blinking, it crumbles to dust.
You die...

....#..y..#..≈≈≈♣
.......#......≈≈♣
...≈...... .....♣
♣♣..≈....###.°.♣
♣...≈.♣..#.°○°≈♣
..$.♣♣..☼#D#..≈♣
≈≈.♣♣......##.≈≈♣
≈.......#.....≈.♣
..###..##......@♣
#....#.....≈≈≈♣
###.....)..≈≈.♣
.......§≈≈..♣
♣♣♣♣...≈♣.≈≈.♣
♣.♣..≈≈≈§.♣
♣≈♣..♣≈≈≈.♣
♣.♣♣♣...♣


There were no monsters in sight!

Vanquished Creatures
  A dire elephant (Lair:6)
  A merfolk avatar (Lair:6)
  5 hydras
  Harold (D:7)
  Erica (D:9)
  A two-headed ogre (D:8)
  A queen ant (D:8)
  An alligator (Lair:6)
  A swamp dragon (Swamp:1)
  Pikel (D:4)
  A harpy (Lair:6)
  Maurice (D:10)
  8 black mambas
  10 elephants (Lair:6)
  10 spiny frogs
  6 rime drakes
  6 komodo dragons
  2 trolls
  4 polar bears
  4 hornets
  A wind drake (Lair:6)
  Grinder (D:6)
  6 blink frogs
  5 hippogriffs
  A redback (Lair:4)
  6 wyverns
  A basilisk (Lair:3)
  26 yaks
  A steam dragon (Lair:3)
  A hungry ghost (D:10)
  5 soldier ants (D:8)
  2 vampire mosquitoes (Swamp:1)
  5 swamp worms (Lair:3)
  10 porcupines
  11 water moccasins
  2 orc warriors
  2 slaves (D:4)
  A black bear (D:6)
  A phantom (D:8)
  3 ogres
  6 wolves
  2 centaurs
  15 crocodiles
  8 bullfrogs
  A gnoll sergeant (D:5)
  A wyvern skeleton (D:9)
  A water moccasin skeleton (D:9)
  2 scorpions
  3 wights (D:8)
  A howler monkey (D:5)
  2 crimson imps (D:8)
  5 hounds
  10 orc wizards
  A centaur skeleton (D:9)
  3 orc priests
  5 jellies
  5 iguanas
  6 hell rats (Lair:6)
  31 worker ants
  Terence (D:3)
  A hound skeleton (D:6)
  2 howler monkey skeletons
  A worker ant zombie (D:9)
  2 gnolls (D:5)
  5 adders
  2 shadow imps
  3 oozes
  3 worms
  2 dart slugs
  4 leopard geckos
  28 orcs
  6 giant cockroaches
  8 goblins
  5 hobgoblins
  6 jackals
  A quokka (D:10)
  3 ball pythons
  10 bats
  3 frilled lizards
  5 kobolds
  10 rats
  A fungus (Lair:6)
  2 plants
379 creatures vanquished.

Vanquished Creatures (collateral kills)
  A soldier ant (D:8)
  A worker ant (D:8)
2 creatures vanquished.

Vanquished Creatures (others)
  A ghoul (D:1)
  A minotaur (D:1)
  A draconian (D:1)
  An octopode (D:1)
  3 spriggans (D:1)
  A human (D:1)
  A soldier ant (D:8)
  An ogre (D:1)
  A mummy (D:1)
  An orc (D:1)
  A kobold (D:1)
  11 fungi (Lair:6)
  19 plants
  7 tentacles (D:1)
50 creatures vanquished.

Grand Total: 431 creatures vanquished

Notes
Turn   | Place    | Note
-------+----------+-------------------------------------------
     0 | D:1      | Chiseanne the Gnoll Assassin began the quest for the Orb.
     0 | D:1      | Reached XP level 1. HP: 20/20 MP: 1/1
     0 | D:1      | Noticed a spriggan
     0 | D:1      | Noticed a spriggan
     0 | D:1      | Noticed a minotaur
     0 | D:1      | Noticed a kraken
     0 | D:1      | Noticed a spriggan
     0 | D:1      | Noticed an octopode
     0 | D:1      | Noticed a human
     0 | D:1      | Noticed a ghoul
     0 | D:1      | Noticed an ogre
     0 | D:1      | Noticed a draconian
     3 | D:1      | Killed an octopode
     5 | D:1      | Killed a spriggan
    13 | D:1      | Killed a spriggan
    13 | D:1      | Killed an ogre
    14 | D:1      | Killed a spriggan
    18 | D:1      | Killed a human
    18 | D:1      | Killed a draconian
    21 | D:1      | Killed a ghoul
    22 | D:1      | Killed a minotaur
    98 | D:1      | Reached XP level 2. HP: 26/26 MP: 2/2
   126 | D:1      | Found a glowing golden altar of the Shining One.
   617 | D:1      | Reached XP level 3. HP: 31/31 MP: 3/3
   857 | D:2      | Reached skill level 1 in Invocations
  1164 | D:3      | Reached skill level 1 in Long Blades
  1164 | D:3      | Reached skill level 1 in Axes
  1164 | D:3      | Reached skill level 1 in Maces & Flails
  1164 | D:3      | Reached skill level 1 in Polearms
  1164 | D:3      | Reached skill level 1 in Staves
  1164 | D:3      | Reached skill level 1 in Slings
  1164 | D:3      | Reached skill level 1 in Bows
  1164 | D:3      | Reached skill level 1 in Crossbows
  1164 | D:3      | Reached skill level 1 in Armour
  1164 | D:3      | Reached skill level 1 in Shields
  1164 | D:3      | Reached skill level 1 in Unarmed Combat
  1164 | D:3      | Reached skill level 1 in Spellcasting
  1164 | D:3      | Reached skill level 1 in Evocations
  1230 | D:3      | Reached XP level 4. HP: 38/38 MP: 5/5
  1240 | D:3      | Noticed Terence
  1262 | D:3      | Killed Terence
  1371 | D:3      | Reached skill level 1 in Conjurations
  1371 | D:3      | Reached skill level 1 in Hexes
  1371 | D:3      | Reached skill level 1 in Charms
  1371 | D:3      | Reached skill level 1 in Summonings
  1371 | D:3      | Reached skill level 1 in Necromancy
  1371 | D:3      | Reached skill level 1 in Translocations
  1371 | D:3      | Reached skill level 1 in Transmutations
  1371 | D:3      | Reached skill level 1 in Fire Magic
  1371 | D:3      | Reached skill level 1 in Ice Magic
  1371 | D:3      | Reached skill level 1 in Air Magic
  1371 | D:3      | Reached skill level 1 in Earth Magic
  1371 | D:3      | Reached skill level 1 in Poison Magic
  1661 | D:4      | Reached XP level 5. HP: 36/43 MP: 5/7
  1720 | D:4      | Noticed an ogre
  1730 | D:4      | Killed an ogre
  1730 | D:4      | Reached skill level 8 in Stealth
  1730 | D:4      | Reached XP level 6. HP: 50/50 MP: 8/8
  1744 | D:4      | Noticed a slave
  1771 | D:4      | Killed a slave
  1909 | D:4      | Noticed a slave
  1910 | D:4      | Noticed Pikel
  1910 | D:4      | Noticed a slave
  1966 | D:4      | Killed a slave
  2102 | D:4      | Noticed a slave
  2116 | D:4      | Killed Pikel
  2116 | D:4      | Reached skill level 5 in Fighting
  2116 | D:4      | Reached skill level 5 in Short Blades
  2116 | D:4      | Reached skill level 5 in Throwing
  2116 | D:4      | Reached XP level 7. HP: 52/56 MP: 8/10
  2308 | D:4      | Reached XP level 8. HP: 63/63 MP: 12/12
  2384 | D:4      | Found a glowing golden altar of the Shining One.
  2384 | D:4      | Found a stormy altar of Qazlal.
  2436 | D:5      | Entered Level 5 of the Dungeon
  2441 | D:5      | Found Dujoih's Weapon Boutique.
  2444 | D:5      | Noticed Prince Ribbit
  2730 | D:5      | Bought a +1 dagger of venom for 103 gold pieces
  3394 | D:6      | Noticed Grinder
  3862 | D:7      | Noticed Harold
  3900 | D:7      | Killed Harold
  3900 | D:7      | Reached XP level 9. HP: 31/69 MP: 13/15
  4109 | D:6      | Found a staircase to the Ecumenical Temple.
  4355 | D:6      | Killed Grinder
  4355 | D:6      | Reached skill level 5 in Dodging
  4367 | Temple   | Entered the Ecumenical Temple
  4508 | Temple   | Became a worshipper of Dithmenos the Shadowed
  4555 | D:6      | Reached skill level 9 in Stealth
  4676 | D:8      | Noticed a two-headed ogre
  4695 | D:8      | Killed a two-headed ogre
  4695 | D:8      | Reached skill level 5 in Invocations
  5045 | D:8      | Noticed a hornet
  5054 | D:8      | Paralysed by a hornet for 1 turns
  5059 | D:8      | Killed a hornet
  5059 | D:8      | Reached XP level 10. HP: 50/77 MP: 17/17
  5732 | D:8      | Reached skill level 5 in Long Blades
  5732 | D:8      | Reached skill level 5 in Axes
  5732 | D:8      | Reached skill level 5 in Maces & Flails
  5732 | D:8      | Reached skill level 5 in Polearms
  5732 | D:8      | Reached skill level 5 in Staves
  5732 | D:8      | Reached skill level 5 in Slings
  5732 | D:8      | Reached skill level 5 in Bows
  5732 | D:8      | Reached skill level 5 in Crossbows
  5732 | D:8      | Reached skill level 5 in Armour
  5732 | D:8      | Reached skill level 5 in Shields
  5732 | D:8      | Reached skill level 5 in Unarmed Combat
  5732 | D:8      | Reached skill level 5 in Spellcasting
  5732 | D:8      | Reached skill level 5 in Evocations
  5813 | D:8      | Found a shimmering blue altar of Sif Muna.
  5877 | D:8      | Reached * piety under Dithmenos
  5912 | D:8      | Noticed a queen ant
  5951 | D:8      | Killed a queen ant
  6098 | D:8      | Reached ** piety under Dithmenos
  6397 | D:9      | Noticed Erica
  6404 | D:9      | Killed Erica
  6440 | D:8      | Reached XP level 11. HP: 54/84 MP: 19/19
  6616 | D:9      | Noticed a two-headed ogre
  7292 | D:8      | HP: 2/84 [two-headed ogre/+0 giant club (16)]
  7738 | D:9      | Found a burning altar of Makhleb.
  8182 | D:9      | Noticed a moth of wrath
  8185 | D:9      | Found a bloodstained altar of Trog.
  8374 | D:10     | Entered Level 10 of the Dungeon
  8385 | D:10     | Noticed Maurice
  8427 | D:10     | Killed Maurice
  8490 | D:10     | Noticed a death yak
  8490 | D:10     | Noticed a death yak
  8490 | D:10     | Noticed a death yak
  8490 | D:10     | Noticed a death yak
  8493 | D:10     | Found a staircase to the Lair.
  8493 | D:10     | Noticed a death yak
  8494 | D:10     | Noticed a death yak
  8590 | D:10     | Reached skill level 5 in Conjurations
  8590 | D:10     | Reached skill level 5 in Hexes
  8590 | D:10     | Reached skill level 5 in Charms
  8590 | D:10     | Reached skill level 5 in Summonings
  8590 | D:10     | Reached skill level 5 in Necromancy
  8590 | D:10     | Reached skill level 5 in Translocations
  8590 | D:10     | Reached skill level 5 in Transmutations
  8590 | D:10     | Reached skill level 5 in Fire Magic
  8590 | D:10     | Reached skill level 5 in Ice Magic
  8590 | D:10     | Reached skill level 5 in Air Magic
  8590 | D:10     | Reached skill level 5 in Earth Magic
  8590 | D:10     | Reached skill level 5 in Poison Magic
  9064 | D:10     | Got a scorched scimitar
  9065 | D:10     | Identified the +1 scimitar of Quantum Leap {drain, rN+}
                  | (You found it on level 10 of the Dungeon)
  9141 | D:10     | Reached *** piety under Dithmenos
  9180 | Lair:1   | Entered Level 1 of the Lair of Beasts
  9226 | Lair:1   | Reached skill level 10 in Stealth
 10915 | Lair:2   | Noticed an oklob plant
 11601 | Lair:3   | Reached XP level 12. HP: 93/93 MP: 22/22
 11728 | Lair:3   | Noticed an eight-headed hydra
 11732 | Lair:3   | Killed an eight-headed hydra
 11733 | Lair:3   | Noticed an eight-headed hydra
 11736 | Lair:3   | Found a staircase to the Swamp.
 11750 | Lair:3   | Killed a five-headed hydra
 12287 | Lair:4   | Reached **** piety under Dithmenos
 12329 | Lair:4   | Noticed a five-headed hydra
 12336 | Lair:4   | Killed a two-headed hydra
 12372 | Lair:4   | Noticed a four-headed hydra
 12384 | Lair:4   | Killed a one-headed hydra
 12512 | Lair:4   | Learned a level 2 spell: Passwall
 12533 | Lair:4   | Identified the Collected Works on Evil Transformation
 12669 | Lair:4   | Found a hole to the Spider Nest.
 13312 | Lair:5   | Reached ***** piety under Dithmenos
 13312 | Lair:5   | Reached XP level 13. HP: 86/101 MP: 24/24
 13729 | Lair:5   | Found a viscous altar of Jiyva.
 13729 | Lair:5   | Found a staircase to the Slime Pits.
 13824 | Lair:6   | Entered Level 6 of the Lair of Beasts
 14031 | Lair:6   | Reached skill level 11 in Stealth
 14532 | Lair:6   | Noticed a dire elephant
 15336 | Lair:6   | Learned a level 3 spell: Frozen Ramparts
 15340 | Lair:6   | Learned a level 3 spell: Stone Arrow
 15600 | Lair:6   | Killed a dire elephant
 16056 | Lair:6   | Reached XP level 14. HP: 71/109 MP: 26/26
 16082 | Lair:6   | Got an ichor-stained chain mail
 16084 | Lair:6   | Identified the +2 chain mail "Xobunwic" {rElec} (You found
                  | it on level 6 of the Lair of Beasts)
 16270 | Swamp:1  | Entered Level 1 of the Swamp
 16308 | Swamp:1  | Reached skill level 10 in Short Blades
 16310 | Swamp:1  | HP: 5/109 [five-headed hydra (5)]
 16311 | Swamp:1  | Succumbed to poison (poison gas)

Illustrated notes

Levels and vault maps discovered:
D:1:      nicolae_arrival_kraken_aquarium_a, layout_basic, nrook_mini_backslash,
          tso_altar
D:2:      layout_rooms, first_ration
D:3:      layout_loops_corners, uniq_terence
D:4:      layout_cave_pods, gammafunk_temple_overflow_elements,
          serial_column_ruins, column_ruins_square_huge,
          column_ruins_hut_ruined, column_ruins_corridor_T,
          column_ruins_open_medium, column_ruins_grid_1,
          column_ruins_columns_corner, column_ruins_open_small,
          column_ruins_open_small_water, uniq_pikel
D:5:      layout_cave_pools, serial_gnoll_camp, gnoll_camp_mini_sergeant,
          gnoll_camp_mini_shop, grums_kennel, gnoll_camp_mini_hut,
          uniq_prince_ribbit1
D:6:      layout_basic, minmay_temple_entry_butterflies, glass_columns_a,
          minmay_statues_item, uniq_grinder
D:7:      layout_loops_cross, uniq_harold
D:8:      layout_loops_corners, led_sif_pool, hangedman_pestilent_swarm,
          zaba_antful_of_joy
D:9:      layout_cave_pools, tgw_trog, bloody_makhleb, uniq_erica
D:10:     layout_roguey, dpeg_lair_monsters, uniq_maurice
Temple:   dpeg_five_rooms_temple
Lair:1:   layout_hall_layers, nicolae_volcano_entry_two_sided,
          guppyfry_lair_drakes
Lair:2:   layout_concentric_octagons, minmay_lair_oklob_items,
          small_statue_intersection
Lair:3:   layout_misc_corridors, palyth_hydra_swamp_entry
Lair:4:   layout_loops_ring, spider_nest_entry_a
Lair:5:   layout_small_grid, slime_altar_1, beast_lair_carwin_11
Lair:6:   gammafunk_lair_ancient_temple, layout_cave_shapes,
          minmay_shattered_shrine
Swamp:1:  layout_falls_marsh, evilmike_swamp_ruin_rubble_2, swamp_pool2

Skill      XL: |  1  2  3  4  5  6  7  8  9 10 11 12 13 14 |
---------------+-------------------------------------------+-----
Invocations    | 1 2 3 4 5 6 7 8 9 |  9.5
Long Blades    | 1 2 4 5 6 7 8 |  8.7
Axes           | 1 2 4 5 6 7 8 |  8.7
Maces & Flails | 1 2 4 5 6 7 8 |  8.7
Polearms       | 1 2 4 5 6 7 8 |  8.7
Staves         | 1 2 4 5 6 7 8 |  8.7
Slings         | 1 2 4 5 6 7 8 |  8.7
Bows           | 1 2 4 5 6 7 8 |  8.7
Crossbows      | 1 2 4 5 6 7 8 |  8.7
Armour         | 1 2 4 5 6 7 8 |  8.7
Shields        | 1 2 4 5 6 7 8 |  8.7
Unarmed Combat | 1 2 4 5 6 7 8 |  8.7
Spellcasting   | 1 2 4 5 6 7 8 |  8.7
Evocations     | 1 2 4 5 6 7 8 |  8.7
Conjurations   | 1 2 3 4 5 6 7 |  7.3
Hexes          | 1 2 3 4 5 6 7 |  7.3
Charms         | 1 2 3 4 5 6 7 |  7.3
Summonings     | 1 2 3 4 5 6 7 |  7.3
Necromancy     | 1 2 3 4 5 6 7 |  7.3
Translocations | 1 2 3 4 5 6 7 |  7.3
Transmutations | 1 2 3 4 5 6 7 |  7.3
Fire Magic     | 1 2 3 4 5 6 7 |  7.3
Ice Magic      | 1 2 3 4 5 6 7 |  7.3
Air Magic      | 1 2 3 4 5 6 7 |  7.3
Earth Magic    | 1 2 3 4 5 6 7 |  7.3
Poison Magic   | 1 2 3 4 5 6 7 |  7.3
Dodging        | 3 4 5 6 7 8 9 |  9.1
Stealth        | 8 9 10 11 | 11.5
Fighting       | 5 6 7 8 9 |  9.9
Short Blades   | 5 6 7 8 9 10 | 10.0
Throwing       | 5 6 7 8 9 |  9.9

Action                   |  1- 3 |  4- 6 |  7- 9 | 10-12 | 13-15 || total
-------------------------+-------+-------+-------+-------+-------++-------
Melee: Dagger            |   113 |   123 |   199 |   633 |   130 ||  1198
       Bite              |     8 |    16 |    32 |   172 |    67 ||   295
       Trident           |       |       |    10 |    56 |       ||    66
       Halberd           |       |       |     2 |       |       ||     2
       Scimitar          |       |       |       |   243 |   154 ||   397
Throw: Dart              |     2 |    24 |    19 |    19 |     4 ||    68
       Stone             |       |       |     3 |       |       ||     3
       Javelin           |       |       |     5 |     5 |    19 ||    29
       Throwing net      |       |       |     2 |       |       ||     2
       Boomerang         |       |       |       |    27 |    76 ||   103
Evoke: Wand              |     5 |     7 |    15 |    22 |    12 ||    61
       Phial of floods   |       |       |       |     1 |       ||     1
  Use: Scroll            |     3 |     5 |     8 |    15 |     6 ||    37
       Potion            |       |       |     3 |     4 |     1 ||     8
 Stab: Sleeping          |    17 |     5 |     4 |    24 |     5 ||    55
       Held in net/web   |       |       |     3 |       |       ||     3
       Confused          |       |       |     1 |       |       ||     1
       Distracted        |       |       |       |       |     2 ||     2
  Eat: Chunk             |     1 |     2 |     7 |    33 |     6 ||    49
       Ration            |       |       |     1 |       |     1 ||     2
Armor: Robe              |    14 |       |       |     1 |       ||    15
       Leather armour    |     1 |     3 |       |       |       ||     4
       Scale mail        |       |    39 |    78 |   208 |   115 ||   440
Dodge: Dodged            |    74 |    33 |    92 |   471 |   210 ||   880
Block: Buckler           |       |       |    35 |   187 |    97 ||   319
       Rpst.: Scimitar   |       |       |       |    55 |    43 ||    98

Table legend:
 A = Non-vault XP
 B = Vault XP
 C = Vault XP percentage of total XP
 D = Non-vault monster count
 E = Vault monster count
 F = Vault count percentage of total count
                 A         B        C        D         E       F
            +---------+---------+-------+---------+---------+-------
      Total |   35389 |   21675 |  38.0 |     287 |      89 |  23.7
            +---------+---------+-------+---------+---------+-------
        D:1 |      34 |       0 |   0.0 |      17 |       0 |   0.0
        D:2 |      35 |       0 |   0.0 |      20 |       0 |   0.0
        D:3 |      48 |      32 |  40.0 |      19 |       1 |   5.0
        D:4 |     383 |     673 |  63.7 |      13 |       1 |   7.1
        D:5 |     234 |     111 |  32.2 |       8 |       3 |  27.3
        D:6 |     480 |     258 |  35.0 |      15 |       1 |   6.2
        D:7 |     328 |     965 |  74.6 |      10 |       1 |   9.1
        D:8 |    2265 |    2731 |  54.7 |      22 |      35 |  61.4
        D:9 |    1179 |     932 |  44.1 |      28 |       6 |  17.6
       D:10 |    1707 |     503 |  22.8 |      15 |       1 |   6.2
     Lair:1 |    1539 |       0 |   0.0 |       8 |       0 |   0.0
     Lair:2 |    2150 |       0 |   0.0 |      11 |       0 |   0.0
     Lair:3 |    2143 |    2984 |  58.2 |      14 |       9 |  39.1
     Lair:4 |    6226 |     216 |   3.4 |      21 |       1 |   4.5
     Lair:5 |    5851 |       0 |   0.0 |      27 |       0 |   0.0
     Lair:6 |    9473 |   12270 |  56.4 |      35 |      30 |  46.2
    Swamp:1 |    1314 |       0 |   0.0 |       4 |       0 |   0.0
            +---------+---------+-------+---------+---------+-------
